AoeStats
← 鄙人張麻子

Arabia

503433156Analyzed
1v1 RM · 1mo ago on Aug 31, 2026· 39m 51s· 2 players
Game mode
Random Map
Map size
Tiny (2 player)
Population
200
Speed
Normal
Resources
Standard
Victory
Conquest
Starting age
Dark Age
Ending age
Imperial Age
RankedLock teamsTeams togetherTeam positionsShared explorationLock speedFull tech treeHidden civsTurbo modeCheats
Victory
Defeat
🇹🇼 Magyars · Taiwan
1186
+18
🇫🇷 Japanese · France
1222
-18
鄙人張麻子
7:09 Loom
9:22 Feudal Age
10:17 Double-Bit Axe
15:33 Wheelbarrow
18:24 Fletching
24:24 Castle Age
23:21 Horse Collar
23:59 Padded Archer Armor
24:25 Crossbowman
25:01 Bodkin Arrow
28:29 Ballistics
29:11 Bow Saw
30:25 Thumb Ring
30:29 Town Watch
31:57 Padded Archer Armor
32:38 Bloodlines
35:16 Husbandry
41:19 Imperial Age
40:30 Hand Cart
md00rn
6:43 Loom
9:21 Feudal Age
9:45 Man-at-Arms
14:09 Arson
25:42 Castle Age
24:50 Double-Bit Axe
25:23 Fletching
26:20 Bodkin Arrow
27:00 Padded Archer Armor
26:49 Crossbowman
Connection lost

Rejoining the realm…

Still unreachable

The connection could not be restored.

Session expired

The server has moved on; the page needs a fresh start.